 Dungeon Crawl Stone Soup version 0.16-a0-3636-gf0307c9 (webtiles) character file.

384 MackTheKnife the Covert (level 6, -9/45 HPs)
             Began as an Octopode Wanderer on Jan 15, 2015.
             Killed from afar by an orc wizard (10 damage)
             ... with a puff of flame
             ... on level 4 of the Dungeon.
             The game lasted 00:08:00 (4491 turns).

MackTheKnife the Covert (Octopode Wanderer)         Turns: 4491, Time: 00:08:01

Health: -9/45      AC:  3    Str: 13    XL:     6   Next: 77%
Magic:  7/7        EV: 11    Int: 14    God:
Gold:   196        SH:  0    Dex: 12    Spells: 0 memorised, 5 levels left

rFire  . . .     SeeInvis .     a - +2 dagger
rCold  . . .     Clarity  .     (no shield)
rNeg   + . .     SustAb   .     l - +2 hat
rPois  .         Gourm    .     (no amulet)
rElec  .         Spirit   .     t - ring of positive energy
rCorr  .         Warding  .     (no ring)
rMut   .         Stasis   .     (no ring)
MR     .....                    (no ring)
Stlth  ++++++....               (no ring)
                                (no ring)
                                (no ring)
                                (no ring)

@: lethally poisoned, not resistant to hostile enchantments, very stealthy
A: almost no armour, amphibious, 8 rings, constrict 8, camouflage 1, gelatinous
body 1
a: no special abilities


You were on level 4 of the Dungeon.
You were very hungry.

You visited 1 branch of the dungeon, and saw 4 of its levels.

You collected 196 gold pieces.


Innate Abilities, Weirdness & Mutations

You cannot wear most types of armour.
You are amphibious.
You can wear up to eight rings at the same time.
You can use your tentacles to constrict many enemies at once.
Your skin changes colour to match your surroundings (Stealth).
Your rubbery body absorbs attacks (AC +1).


   Skills:
 - Level 5.0 Fighting
 + Level 1.2 Short Blades
   Level 1.0 Maces & Flails
 + Level 0.8 Dodging
 - Level 9.7 Stealth
 - Level 1.1 Evocations


You had 5 spell levels left.
You didn't know any spells.

Inventory:

Hand weapons
 a - a +2 dagger (weapon)
 x - a +0 rapier
Armour
 l - a +2 hat (worn)
Jewellery
 j - an uncursed ring of fire
 t - a ring of positive energy (left tentacle)
Magical devices
 d - a wand of fire (5)
Scrolls
 r - a scroll of recharging
Potions
 b - a potion of berserk rage
 e - 2 potions of might
 h - a potion of resistance {unknown}
 k - 2 potions of ambrosia {!q!e}
 o - a potion of haste {unknown}
 q - a potion of degeneration {unknown}
 u - a potion of agility {unknown}
 v - a potion of poison {unknown}
 w - a potion of restore abilities {unknown}
Comestibles
 f - 5 bread rations
 g - 7 fruits
 i - 2 meat rations
 m - a beef jerky

......#####..........
..... ..# #..........
....###.# #.........>
##.....####..........
##....)...............
#.....)............##.
#............#####....
.###....So....###
####. ........xgo..##
## .............#
..##.......##
#.........#
#.........#
#.........#
#.........# .......g.
...


You could see an orc wizard, a gnoll (sleeping), an adder, an orc and a
hobgoblin.


Message History

Read which item? (? for menu, Esc to quit)
Okay, then.
Drink which item? (? for menu, Esc to quit)
You can't drink that!
Unknown command.
Drink which item? (? for menu, Esc to quit)
You feel better. The hobgoblin hits you.
* * * LOW HITPOINT WARNING * * *
The adder bites you.
* * * LOW HITPOINT WARNING * * *
You are poisoned.
The adder poisons you!
Unknown command.
Drink which item? (? for menu, Esc to quit)
You're too hungry to go berserk.
You hit the orc wizard. You grab the orc wizard.
The orc wizard is severely wounded.
You feel sick.
The orc wizard points at you and mumbles some strange words.
The puff of frost hits you!
* * * LOW HITPOINT WARNING * * *
The adder barely misses you. The hobgoblin barely misses you.
You barely miss the orc wizard.
The orc wizard is severely wounded.
You constrict the orc wizard. The orc wizard barely misses you.
The adder barely misses you. The hobgoblin hits you.
* * * LOW HITPOINT WARNING * * *
The orc wizard casts a spell at you. The puff of flame hits you!
You die...

Action                   |  1- 3 |  4- 6 || total
-------------------------+-------+-------++-------
Melee: Dagger            |    90 |   126 ||   216
  Use: Scroll            |       |    11 ||    11
       Potion            |       |     1 ||     1
 Stab: Sleeping          |     7 |    11 ||    18
  Eat: Chunk             |     2 |     3 ||     5
       Meat ration       |       |     1 ||     1

Vault maps used:
D:1:      minmay_arrival_four_circles
D:2:      nicolae_qazlal_general_emergency, minmay_misc_feat_diagonals,
          kennysheep_decorative_pillar
D:3:      bloody_makhleb, minmay_misc_feat_columns, minmay_goblin_kobold_house,
          uniq_terence, uniq_iyjb
D:4:      minivault_1, due_unseen_surprise

Notes
Turn   | Place    | Note
--------------------------------------------------------------
     0 | D:1      | MackTheKnife, the Octopode Wanderer, began the quest for the Orb.
     0 | D:1      | MackTheKnife set off with: a +2 dagger, a potion of berserk rage, a scroll of teleportation, a +0 mace, a bread ration
     0 | D:1      | Reached XP level 1. HP: 18/18 MP: 1/1
    36 | D:1      | Reached skill level 3 in Stealth
   148 | D:1      | Reached XP level 2. HP: 18/24 MP: 2/2
   394 | D:1      | Reached skill level 4 in Stealth
   981 | D:2      | Reached XP level 3. HP: 29/29 MP: 3/3
  1023 | D:2      | Reached skill level 5 in Stealth
  1315 | D:2      | Found a stormy altar of Qazlal.
  2034 | D:3      | Reached skill level 6 in Stealth
  2034 | D:3      | Reached XP level 4. HP: 27/35 MP: 4/4
  2075 | D:3      | Noticed Ijyb
  2101 | D:3      | Killed Ijyb
  2429 | D:3      | Reached skill level 7 in Stealth
  2661 | D:3      | Reached XP level 5. HP: 39/39 MP: 5/5
  2875 | D:3      | Found a burning altar of Makhleb.
  2977 | D:3      | Noticed Terence
  2980 | D:3      | Killed Terence
  2980 | D:3      | Reached skill level 8 in Stealth
  3374 | D:4      | Reached XP level 6. HP: 34/45 MP: 7/7
  3763 | D:4      | Reached skill level 9 in Stealth
  3773 | D:4      | HP: 1/45 [orc/flail (7)]
  4490 | D:4      | HP: 1/45 [orc wizard/puff of frost (11)]
  4491 | D:4      | Killed from afar by an orc wizard

Vanquished Creatures
  A giant frog skeleton (D:4)
  An orc priest (D:4)
  2 iguanas (D:4)
  3 orc wizards
  Ijyb (D:3)
  Terence (D:3)
  A hound skeleton (D:4)
  4 adders
  A giant mite (D:2)
  A shadow imp (D:3)
  A worm (D:3)
  An adder skeleton (D:4)
  5 giant geckos
  2 oozes
  6 orcs (D:4)
  13 hobgoblins
  2 jackals (D:3)
  A quokka (D:2)
  2 ball pythons
  9 bats
  3 giant cockroaches
  2 giant newts
  10 goblins
  7 kobolds
  A kobold zombie (D:3)
  7 rats
88 creatures vanquished.
